 Dungeon Crawl Stone Soup version 0.32-a0-938-g40ac7a0f4d (webtiles) character file.

Game seed: 3915582014240575904

1674982 Gadrel the Invulnerable (level 26, 237/261 HPs)
             Began as an Armataur Fighter on Apr 15, 2024.
             Was an Initiate of Gozag.
             Escaped with the Orb
             ... and 3 runes on Apr 16, 2024!
             The game lasted 03:07:26 (70000 turns).

Gadrel the Invulnerable (Armataur Fighter)         Turns: 70000, Time: 03:07:26

Health: 237/261    AC: 46    Str: 32    XL:     26   Next: 77%
Magic:  23/23      EV:  7    Int:  8    God:    Gozag
Gold:   2419       SH: 30    Dex: 12    Spells: 25/25 levels left

rFire   + + .        a - +9 eveningstar (flame)
rCold   + . .        n - +7 tower shield {reflect}
rNeg    + + .        W - +6 scale mail "Ucaeg" {rCorr}
rPois   +            w - +2 helmet
rElec   .            u - scarf {rC+ rF+}
rCorr   +            h - +2 pair of gloves {infuse}
SInv    .            Z - +10 Black Knight's barding {ponderous, rPois rN+}
Will    ++++.        f - amulet of the Four Winds {rN+ Will+++ Clar} Stlth
                     C - ring of protection from cold {rC+, !d}
HPRegen 0.63/turn    c - ring "Nexir" {Fire Slay+5}
MPRegen 0.18/turn

%: reflection, clarity, roll, infuse magic (1 MP)
@: slow
A: large, deformed body, tough skin 3, armoured tail, rollpage 2
0: Orb of Zot
}: 3/15 runes: serpentine, barnacled, silver
a: Renounce Religion, Potion Petition, Call Merchant, Bribe Branch


You escaped.
You worshipped Gozag.
Gozag was most pleased with you.
You visited 11 branches of the dungeon, and saw 51 of its levels.
You visited 1 bazaar.
You also visited: Ice Cave and Wizlab.

You collected 30464 gold pieces.
You spent 8494 gold pieces at shops.
You paid 19551 gold pieces to Gozag.

Inventory:

Hand Weapons
 a - a +9 eveningstar of flaming (weapon)
   (You took it off Louise on level 2 of the Snake Pit)
 b - a +7 vampiric demon whip
   (You found it in a wizard's laboratory)
 Q - the +9 broad axe of Darkness {venom, rF+ rC+ Dex+2}
   (You took it off a vampire knight on level 1 of the Crypt)

   Dex+2:     It affects your dexterity (+2).
   rF+:       It protects you from fire.
   rC+:       It protects you from cold.
Missiles
 j - 14 curare-tipped darts
 p - 10 javelins
 A - 13 silver javelins
 X - 4 throwing nets {!d}
Armour
 h - a +2 pair of gloves of infusion (worn)
   (You found it in an ice cave)
 n - a +7 tower shield of reflection (worn)
   (You took it off a naga warrior on level 4 of the Snake Pit)
 u - a scarf of resistance (worn)
   (You found it on level 2 of the Elven Halls)
 w - a +2 helmet (worn)
   (You found it on level 3 of the Realm of Zot)
 W - the +6 scale mail "Ucaeg" (worn) {rCorr}
   (You found it on level 3 of the Elven Halls)

   rCorr:     It protects you from acid and corrosion.
 Z - the +10 Black Knight's barding (worn) {ponderous, rPois rN+}
   (You bought it in a shop on level 1 of the Lair of Beasts)

   rPois:     It protects you from poison.
   rN+:       It protects you from negative energy.
Jewellery
 c - the ring "Nexir" (right hand) {Fire Slay+5}
   (You acquired it on level 12 of the Dungeon)

   [ring of fire]

   Fire:      It enhances your fire magic.
   Slay+5:    It affects your accuracy & damage with ranged weapons and melee
   (+5).
   rF+:       It protects you from fire.
   rC-:       It makes you vulnerable to cold.
 f - the amulet of the Four Winds (around neck) {rN+ Will+++ Clar}
   (You took it off a vault warden on level 5 of the Vaults)

   [amulet of nothing]

   rN+:       It protects you from negative energy.
   Will+++:   It greatly increases your willpower.
   Clar:      It protects you from confusion, rage, mesmerisation and fear.
 s - the ring of the Briny Deep {Fly rPois Str+6 Int+2}
   (You took it off a skeletal warrior on level 3 of the Crypt)

   [ring of strength]

   Str+6:     It affects your strength (+6).
   Int+2:     It affects your intelligence (+2).
   rPois:     It protects you from poison.
   Fly:       It grants you flight.
 C - a ring of protection from cold (left hand) {rC+, !d}
   (You found it on level 8 of the Dungeon)
 F - a ring of protection from fire {rF+, !d}
   (You found it on level 3 of the Lair of Beasts)
 T - a ring of see invisible {sInv, !d}
   (You found it on level 5 of the Lair of Beasts)
Wands
 d - a wand of digging (24)
   (You found it on level 11 of the Dungeon)
 e - a wand of charming (60)
   (You found it on level 10 of the Dungeon)
 i - a wand of warping (48)
   (You found it on level 4 of the Lair of Beasts)
 t - a wand of light (45)
   (You took it off Jeremiah on level 8 of the Dungeon)
 y - a wand of mindburst (44)
   (You took it off a naga on level 3 of the Snake Pit)
Scrolls
 q - 2 scrolls of brand weapon
 x - 11 scrolls of fog
 D - 9 scrolls of blinking {!r}
 E - 4 scrolls of fear
 K - 5 scrolls of immolation {!r}
 O - 10 scrolls of silence
 P - 8 scrolls of poison {!r}
 S - 3 scrolls of summoning
 V - 7 scrolls of vulnerability {!r!r}
 Y - 15 scrolls of teleportation {@r3}
Potions
 k - 11 potions of enlightenment
 o - 5 potions of might
 G - 12 potions of ambrosia {!q}
 H - 2 potions of haste
 I - 3 potions of invisibility
 J - 18 potions of curing {@q1}
 L - 6 potions of cancellation
 M - 4 potions of magic
 N - 11 potions of heal wounds {@q2}
 R - 4 potions of resistance
 U - 18 potions of mutation {!q}
Miscellaneous
 l - a condenser vane
   (You found it on level 1 of the Snake Pit)
 m - a phantom mirror
   (You bought it in a shop on level 2 of the Orcish Mines)
 v - a lightning rod (4/4)
   (You bought it in a shop on level 2 of the Orcish Mines)
 z - a box of beasts
   (You found it on level 12 of the Dungeon)
 B - a Gell's gravitambourine (2/2)
   (You found it on level 1 of the Snake Pit)


   Skills:
 + Level 26.2 Fighting
 - Level 20.0 Maces & Flails
 - Level 2.0 Throwing
 O Level 27 Armour
 + Level 4.0 Dodging
 + Level 26.0 Shields
 + Level 20.5 Evocations


You had 25 spell levels left.
You didn't know any spells.
Your spell library contained the following spells:

 Spells                   Type           Power      Damage    Failure   Level
 Apportation              Tloc           0%         N/A       52%         1
 Foxfire                  Conj/Fire      0%         2x1d4     52%         1
 Magic Dart               Conj           0%         1d3       52%         1
 Necrotise                Necr           0%         1d4       52%         1
 Sandblast                Erth           0%         2d4       52%         1
 Slow                     Hex            0%         N/A       52%         1
 Sting                    Conj/Alch      0%         1d3       52%         1
 Summon Small Mammal      Summ           0%         N/A       52%         1
 Blink                    Tloc           0%         N/A       67%         2
 Call Imp                 Summ           0%         N/A       67%         2
 Cigotuvi's Dreadful Rot  Necr/Alch/Air  0%         N/A       67%         2
 Ensorcelled Hibernation  Hex/Ice        0%         N/A       67%         2
 Lesser Beckoning         Tloc           0%         N/A       67%         2
 Mercury Vapours          Alch/Air       0%         N/A       67%         2
 Momentum Strike          Conj/Tloc      0%         3d8       67%         2
 Scorch                   Fire           0%         2d5       67%         2
 Sublimation of Blood     Necr           0%         N/A       67%         2
 Confusing Touch          Hex            0%         N/A       88%         3
 Dazzling Flash           Conj/Hex       0%         N/A       88%         3
 Fugue of the Fallen      Necr           0%         N/A       88%         3
 Hailstorm                Conj/Ice       0%         3d5       88%         3
 Maxwell's Portable Pile  Tloc           0%         2d(5-13)  88%         3
 Mephitic Cloud           Conj/Alch/Air  0%         N/A       88%         3
 Ozocubu's Armour         Ice            0%         N/A       88%         3
 Passwall                 Erth           0%         N/A       88%         3
 Stone Arrow              Conj/Erth      0%         3d7       88%         3
 Summon Ice Beast         Ice/Summ       0%         N/A       88%         3
 Swiftness                Air            0%         N/A       88%         3
 Vampiric Draining        Necr           0%         2d6       88%         3
 Anguish                  Hex/Necr       0%         N/A       99%         4
 Animate Armour           Summ/Erth      0%         N/A       99%         4
 Brom's Barrelling Bould  Conj/Erth      0%         2d3       99%         4
 Cause Fear               Hex            0%         N/A       99%         4
 Leda's Liquefaction      Alch/Erth      0%         N/A       99%         4
 Olgreb's Toxic Radiance  Alch           0%         N/A       99%         4
 Passage of Golubria      Tloc           0%         N/A       99%         4
 Petrify                  Alch/Erth      0%         N/A       99%         4
 Summon Lightning Spire   Summ/Air       0%         N/A       99%         4
 Vhi's Electric Charge    Tloc/Air       0%         N/A       99%         4
 Arcjolt                  Conj/Air       0%         1d10      100%        5
 Fireball                 Conj/Fire      0%         3d3       100%        5
 Freezing Cloud           Conj/Ice/Air   0%         6-21      100%        5
 Iskenderun's Battlesphe  Conj           0%         2d6       100%        5
 Lee's Rapid Deconstruct  Erth           0%         3d4*      100%        5
 Metabolic Englaciation   Hex/Ice        0%         N/A       100%        5
 Silence                  Hex/Air        0%         N/A       100%        5
 Summon Forest            Summ/Tloc      0%         N/A       100%        5
 Summon Mana Viper        Hex/Summ       0%         N/A       100%        5
 Yara's Violent Unravell  Hex/Alch       0%         3d3       100%        5
 Bombard                  Conj/Erth      0%         9d1       100%        6
 Permafrost Eruption      Ice/Erth       0%         2x4d1     100%        6
 Plasma Beam              Fire/Air       0%         2x1d10    100%        6
 Sculpt Simulacrum        Ice/Alch       0%         N/A       100%        6
 Starburst                Conj/Fire      0%         6d3       100%        6
 Summon Cactus Giant      Summ           0%         N/A       100%        6
 Enfeeble                 Hex            0%         N/A       100%        7
 Haunt                    Necr/Summ      0%         N/A       100%        7
 Malign Gateway           Summ/Tloc      0%         N/A       100%        7
 Manifold Assault         Tloc           0%         N/A       100%        7
 Monstrous Menagerie      Summ           0%         N/A       100%        7
 Ozocubu's Refrigeration  Ice            0%         4d7       100%        7
 Spellforged Servitor     Conj/Summ      0%         N/A       100%        7
 Borgnjor's Revivificati  Necr           0%         N/A       100%        8
 Infestation              Necr           0%         N/A       100%        8
 Lehudib's Crystal Spear  Conj/Erth      0%         10d2      100%        8
 Maxwell's Capacitive Co  Air            0%         ∞         100%        8
 Summon Horrible Things   Summ           0%         N/A       100%        8
 Chain Lightning          Conj/Air       0%         N/A       100%        9
 Death's Door             Necr           0%         N/A       100%        9
 Fire Storm               Conj/Fire      0%         5d1       100%        9
 Polar Vortex             Ice            0%         N/A       100%        9
 Shatter                  Erth           0%         3d5*      100%        9


Dungeon Overview and Level Annotations

Branches:
Dungeon (15/15)            Temple (1/1) D:5            Lair (5/5) D:11
 Shoals (4/4) Lair:2        Snake (4/4) Lair:2        Slime (0/5) Lair:4
    Orc (2/2) D:11            Elf (3/3) Orc:2        Vaults (5/5) D:13
  Crypt (3/3) Vaults:2       Tomb (0/3) Crypt:3      Depths (4/4) D:15
    Zot (5/5) Depths:4      IceCv (visited)          WizLab (visited)

Altars:
Ashenzari
Cheibriados
Dithmenos
Elyvilon
Fedhas
Gozag
Hepliaklqana
Kikubaaqudgha
Makhleb
Nemelex Xobeh
Okawaru
Qazlal
Ru
Sif Muna
Trog
Uskayaw
Vehumet
Wu Jian
Xom
Yredelemnul
Zin
The Shining One
Beogh
Jiyva
Lugonu

Shops:
D:8 *   D:9 !   D:10 (   D:13 [   Orc:2 (*[=   Elf:2 *   Elf:3 ?   Lair:1 ?[
Shoals:3 ?   Snake:1 :=:   Snake:3 (:   Vaults:2 (   Vaults:5 *   Depths:1 *

Portals:
Hell: Depths:1 Depths:2 Depths:3 Depths:4
Abyss: Lair:5 Depths:3
Pandemonium: Depths:2 Depths:4
Ziggurat: Depths:2


Innate Abilities, Weirdness & Mutations

Armour fits poorly on your strangely shaped body.
You have extremely tough skin. (AC +3)
You have a long armoured tail.
You regenerate magic and health when rolling toward enemies. (Rampage Regen)


Message History

You impale Boris!! You burn Boris. You tail-slap Boris, but do no damage.
You block Boris's attack. x2
You now have 19/23 mp.
You puncture Boris! You burn Boris.
Boris points at you and mumbles some strange words.
Your +7 tower shield of reflection blocks the iron shot... and reflects it back!
The iron shot hits Boris!!
The shadow demon gestures.
You now have 18/23 mp.
You sock Boris! You burn Boris. You tail-slap Boris!
Boris conjures an orb of pure magic.
The wavering orb of destruction weakly hits you but does no damage.
You hear an angry hiss.
You hit Boris but do no damage.
Your tail-slap misses Boris.
Boris gestures at you while chanting. The bolt of cold hits you!! You resist.
You take 18 damage, and have 169/261 hp.
You now have 17/23 mp.
You impale Boris!! You burn Boris!
You destroy Boris!
Your Dodging skill increases to level 4!
You now have 16/23 mp.
The ogre is distracted by your dazzling golden aura.
There is a stone staircase leading up here.
The ogre is no longer distracted by gold.
You climb upwards.
There is a stone staircase leading down here.
You regained 2 hp, and now have 173/261 hp.
Unknown command.
You feel much better.
You regained 32 hp, and now have 205/261 hp.
What level of the Dungeon? (default 1, ? - help)
You see here the felid skeleton of Natasha.
There is an open door here.
You see here a +0 rapier.
There is an open door here.
Things that are here:
a +0 flail; an orc skeleton An Orb Guardian comes into view.
There is a stone staircase leading up, spattered with blood here.
You regained 14 hp, and now have 219/261 hp.
You regained 4 mp, and now have 21/23 mp.
You climb upwards.
There is a stone staircase leading down, spattered with blood here.
You regained 2 hp, and now have 221/261 hp.
What level of the Dungeon? (default 1, ? - help)
You see here a +0 trident. 2 hell hogs come into view.
You regained 5 hp, and now have 226/261 hp.
MP restored: 23 The hell hog moves out of view.
The hell hog breathes fire at you.
The fireball explodes!
The fireball engulfs you but does no damage.
A soul eater comes into view.
You roll towards the soul eater!
You regained 3 hp, and now have 231/261 hp.
You roll towards the soul eater!
You block the soul eater's attack.
There is a stone staircase leading up here.
You regained 3 hp, and now have 234/261 hp.
You impale the soul eater!! You burn the soul eater.
You regained 2 hp, and now have 236/261 hp.
You impale the soul eater!! You burn the soul eater!
You tail-slap the soul eater.
You kill the soul eater!
You regained 3 hp, and now have 239/261 hp.
The hell hog breathes fire at you.
The fireball explodes!
The fireball engulfs you but does no damage.
You hear an angry squeal.
You climb upwards.
There is a stone staircase leading down here.
You regained 6 hp, and now have 245/261 hp.
What level of the Dungeon? (default 1, ? - help)
There is a stone staircase leading up here.
You climb upwards.
There is a stone staircase leading down here.
A hellion comes into view.
Things that are here:
a +0 dagger; a +0 club; a ball python skeleton Health restored: 261 You roll towards the hellion!
The hellion gestures at you.
The sphere of damnation explodes!
The damnation engulfs you!!
The damnation engulfs the hellion.
The hellion completely resists.
You take 21 damage, and have 240/261 hp.
You bludgeon the hellion!! You burn the hellion. The hellion gestures at you.
The sphere of damnation explodes!
The damnation engulfs you!!
The damnation engulfs the hellion.
The hellion completely resists.
You take 24 damage, and have 216/261 hp.
You now have 22/23 mp.
You spit the hellion like a pig!!! You burn the hellion.
You kill the hellion!
Your Shields skill increases to level 26!
What level of the Dungeon? (default 1, ? - help)
There is a staircase leading out of the dungeon here.
You regained 19 hp, and now have 236/261 hp.
MP restored: 23 You have escaped!

#......#.##...##
######.....#...
#..#####.##..÷#
#...÷.......... #....#
#......## ##.....##..##÷..
#.##.#
#.....÷.###......##..##...
..##.#
#####.÷.##...###.....##...
####.# ##....÷..#
##....##... .....#
#......###########...
###..#########..1..# #...#
#### ......÷.....##..@###
#.#.# ###...
.##.#.#.###.##########.#.#
#.....
.........>...#.........#.#
#.....
...###...##......#######.#
#..... .....#...##.....##
#...# #.....
##.#.#...##.....# #.###
#..... ##...#...#......#
#.# #.....
##...#...#.###..### #.#
#..... ##.....#.#.###....#
#.# #.....


You could see a Brimstone Fiend.

Vanquished Creatures
  A dread lich (Vaults:5)
  2 ancient liches (Vaults:5)
  Mennas (Depths:4)
  Mara (Elf:3)
  2 juggernauts (Depths:3)
  Boris (thrice) (Elf:3 Depths:1 D:5)
  Sojobo (Depths:4)
  Vv (Zot:1)
  A shard shrike (IceCv)
  3 curse toes
  7 golden dragons
  Nikola (Snake:1)
  A profane servitor (Crypt:3)
  Jory (Depths:3)
  The ghost of Goociwk the Warrior, an adept GrFi of Cheibriados (Crypt:1)
  An electric golem (Zot:4)
  A Brimstone Fiend (Depths:4)
  Rupert (D:13)
  10 liches
  A walking crystal tome (Depths:3)
  6 quicksilver dragons
  15 tentacled monstrosities
  An Orb Guardian (Depths:2)
  A walking earthen tome (Depths:3)
  2 deep elf master archers (Elf:3)
  6 titans
  4 deep elf blademasters (Elf:3)
  14 sphinxes
  Frances (Snake:2)
  10 ancient champions
  9 storm dragons
  10 death cobs
  Aizul (Snake:1)
  8 shadow dragons
  9 revenants
  7 tengu reavers
  5 nagarajas (Snake:4)
  5 draconian monks
  9 protean progenitors
  6 draconian knights
  8 fire giants
  14 frost giants
  4 draconian shifters
  6 deep elf sorcerers
  A balrug (Depths:4)
  7 draconian scorchers
  13 vault wardens
  3 iron dragons
  3 curse skulls (Crypt:3)
  Louise (Snake:2)
  4 ghost moths
  A spectral caustic shrike (WizLab)
  A juggernaut zombie (Crypt:1)
  2 deep elf elementalists (Elf:3)
  4 draconian stormcallers
  8 ghouls
  A quicksilver ooze (Zot:2)
  4 reapers
  A juggernaut skeleton (Depths:1)
  4 orc warlords
  9 stone giants
  11 very ugly things
  21 ironbound preservers
  5 ironbound thunderhulks
  6 draconian annihilators
  A formless jellyfish (Vaults:2)
  8 vampire knights
  6 deep elf demonologists
  10 green draconians
  5 deep elf death magi
  3 red draconians
  5 black draconians
  16 deep elf annihilators
  10 white draconians
  20 dire elephants
  A spectral titan (WizLab)
  4 halazid warlocks (WizLab)
  3 war gargoyles
  Azrael (Snake:1)
  2 minotaurs (Shoals:4)
  8 eidola
  8 yellow draconians
  8 purple draconians
  7 spark wasps
  16 ettins
  Josephine (D:10)
  A spectral quicksilver dragon (WizLab)
  2 entropy weavers (Vaults:4)
  8 fire dragons
  7 merfolk impalers
  29 jiangshi
  A deep elf high priest (Elf:3)
  16 yaktaur captains
  38 vault guards
  3 ice dragons
  2 peacekeepers
  6 great orbs of eyes
  2 merfolk javelineers
  Fannar (D:12)
  7 rakshasas
  8 hydras
  5 salamander tyrants
  3 spriggan air magi
  A merfolk avatar (Shoals:1)
  8 boulder beetles
  5 ogre magi
  4 merfolk aquamancers (Shoals:2)
  8 centaur warriors
  7 anacondas
  An alligator snapping turtle (Shoals:3)
  2 death knights
  15 satyrs (Shoals:4)
  26 dancing weapons
  9 ironbound frosthearts
  2 jorogumos (Zot:2)
  3 catoblepae
  9 two-headed ogres
  9 tengu warriors
  A two-headed ogre (shapeshifter) (Vaults:5)
  2 titan zombies
  17 vampire magi
  A bennu skeleton (Crypt:1)
  9 deep troll earth magi
  18 naga warriors
  5 occultists
  4 death yaks
  A spriggan berserker (Depths:4)
  7 naga sharpshooters
  7 orc high priests
  6 deep troll shamans
  A shock serpent (shapeshifter) (Vaults:5)
  3 thrashing horrors (Lair:5)
  5 shock serpents
  A sun demon (Depths:4)
  8 hell knights
  Amaemon (D:9)
  2 titan skeletons
  4 soul eaters
  32 skeletal warriors
  3 skysharks
  16 deep elf knights
  11 shadow wraiths
  2 spectral spark wasps (WizLab)
  9 iron trolls
  The ghost of ezpacito the Trooper, a novice CoCK of Xom (D:6)
  Lodul (D:12)
  10 deep elf archers
  8 salamander mystics
  A bunyip zombie (Crypt:3)
  A spark wasp zombie (WizLab)
  2 sea snakes
  A sea snake (shapeshifter) (Vaults:5)
  4 glowing orange brains
  8 arcanists
  A mana viper (shapeshifter) (Vaults:5)
  12 mana vipers
  7 flayed ghosts
  3 bog bodies (Crypt:2)
  84 deep trolls
  7 naga ritualists
  A spectral wolf spider (WizLab)
  13 orc knights
  2 orange crystal statues
  17 ironbound convokers
  Pikel (D:6)
  A harpy (shapeshifter) (Depths:4)
  11 lindwurms
  A large abomination (Lair:5)
  9 necromancers
  14 phantasmal warriors
  An anaconda skeleton (Crypt:1)
  5 thermic dynamos
  An obsidian bat (Orc:1)
  A death drake (shapeshifter) (Vaults:5)
  41 deep elf pyromancers
  13 harpies
  An alligator zombie (Crypt:3)
  2 wolf spider zombies (WizLab)
  A tengu skeleton (Vaults:5)
  27 deep elf zephyrmancers
  5 orc sorcerers (Orc:2)
  A golden dragon skeleton (Depths:1)
  2 spectral spriggans (WizLab)
  10 cyclopes
  13 fauns
  32 ugly things
  10 manticores
  12 moths of wrath
  An iron dragon skeleton (Depths:1)
  A frost giant zombie (Depths:1)
  11 vault sentinels
  29 salamanders
  3 meliai (D:14)
  6 guardian serpents
  A draconian skeleton (Crypt:3)
  4 kobold blastminers (Orc:1)
  10 water nymphs
  An ice statue (Zot:2)
  A stone giant skeleton (Vaults:5)
  5 merfolk sirens
  A torpor snail (Lair:5)
  2 smoke demons (Lair:5)
  5 elephants
  16 naga magi
  A centaur skeleton (Crypt:3)
  47 black mambas
  An alligator snapping turtle zombie (Crypt:1)
  An orange demon (D:8)
  13 cane toads
  2 gargoyles
  10 komodo dragons
  An unseen horror (shapeshifter) (D:15)
  A minotaur zombie (Crypt:3)
  A naga skeleton (Crypt:1)
  23 rime drakes
  2 hellions
  Jeremiah (D:8)
  3 tengu conjurers
  10 freezing wraiths
  2 unseen horrors (D:12)
  25 yaktaurs
  A tormentor (Zot:5)
  A kobold demonologist (D:10)
  12 trolls
  A queen bee (shapeshifter) (Depths:3)
  A queen bee (D:14)
  6 wind drakes
  A hornet (D:10)
  A spectral harpy (WizLab)
  A tyrant leech (Lair:1)
  2 raiju (Lair:5)
  17 polar bears
  19 merfolk
  A glass eye (Depths:3)
  3 spriggan zombies
  5 dream sheep (Lair:5)
  27 blink frogs
  31 slime creatures
  2 snapping turtles (shapeshifter)
  6 air elementals
  A spriggan (Bazaar)
  9 snapping turtles
  2 ettin skeletons
  13 water elementals
  2 spriggans (shapeshifter) (D:15)
  77 yaks
  3 ynoxinuls
  A shadow (D:12)
  A wind drake zombie (Crypt:3)
  3 vampires (Crypt:3)
  6 wyverns
  Eustachio (D:6)
  A basilisk (shapeshifter) (Lair:5)
  9 wraiths
  6 steam dragons
  3 wargs (Orc:2)
  4 fire elementals
  4 redbacks
  4 vampire mosquitoes (D:14)
  5 basilisks
  A redback (shapeshifter) (D:15)
  2 chaos spawn (Lair:5)
  A fire bat zombie (Crypt:2)
  47 nagas
  9 small abominations (Lair:5)
  3 swamp worms (Lair:1)
  2 acid dragons (D:12)
  17 water moccasins
  Duvessa (D:7)
  3 hell hounds (Snake:1)
  5 black bears
  A swamp worm (shapeshifter) (Vaults:5)
  An ice beast (shapeshifter) (Lair:5)
  40 orc warriors
  2 ice beasts
  3 sky beasts
  6 laughing skulls
  A lindwurm zombie (Crypt:2)
  19 ogres
  10 wolves
  5 boggarts
  10 centaurs
  A phantom (D:4)
  3 lemures
  3 earth elementals
  12 bullfrogs
  A scorpion (D:5)
  A queen bee zombie (Crypt:2)
  Dowan (D:7)
  27 killer bees
  A troll zombie (Crypt:1)
  2 human simulacra
  2 howler monkeys
  A raiju skeleton (Crypt:2)
  An electric eel (Lair:3)
  4 hounds
  A jelly (D:5)
  A black bear zombie (Crypt:2)
  2 bombardier beetles (D:5)
  2 gnoll boudas
  16 orc priests
  A basilisk skeleton (Crypt:3)
  2 sleepcaps
  2 human skeletons (Crypt:3)
  5 iguanas
  Natasha (thrice) (D:4)
  A boggart skeleton (Crypt:2)
  23 orc wizards
  A tengu zombie (Crypt:2)
  4 gnolls
  8 adders
  A howler monkey skeleton (Crypt:1)
  3 white imps
  9 ufetubi (D:9)
  An adder skeleton (Crypt:2)
  3 ribbon worms
  A dart slug (D:1)
  A ribbon worm (shapeshifter) (Elf:3)
  79 orcs
  8 ball pythons
  8 bats
  A bat skeleton (Crypt:1)
  7 endoplasms
  5 giant cockroaches
  4 goblins
  16 hobgoblins
  4 kobolds
  2 quokkas
  A bombardier beetle zombie (Crypt:3)
  5 frilled lizards
  A frilled lizard skeleton (Crypt:3)
  An orc zombie (Crypt:2)
  A quokka skeleton (Crypt:1)
  9 rats
  6 aspiring fleshes
2310 creatures vanquished.

Vanquished Creatures (collateral kills)
  An ancient lich (Zot:5)
  2 Killer Klowns (Zot:5)
  A curse toe (Zot:5)
  2 electric golems (Zot:5)
  3 Orb Guardians (Zot:5)
  A death cob (Zot:5)
  3 storm dragons (Zot:5)
  A shadow dragon (Zot:5)
  2 draconian knights
  5 moths of wrath (Zot:5)
21 creatures vanquished.

Vanquished Creatures (others)
  A dread lich (Zot:5)
  A Killer Klown (Zot:5)
  11 Orb Guardians (Zot:5)
  A storm dragon (Zot:5)
  2 death cobs (Zot:5)
  A draconian knight (Zot:1)
  A draconian shifter (Zot:5)
  A draconian stormcaller (Zot:5)
  3 green draconians (Zot:5)
  A purple draconian (Zot:5)
  A black draconian (Zot:5)
  A red draconian (Zot:5)
  A white draconian (Zot:5)
  A deep elf knight (Elf:2)
  A deep elf pyromancer (Elf:3)
  2 deep elf zephyrmancers
  A moth of wrath (Zot:5)
  A water elemental (Depths:3)
32 creatures vanquished.

Grand Total: 2363 creatures vanquished

Notes
Turn   | Place    | Note
-------+----------+-------------------------------------------
     0 | D:1      | Gadrel the Armataur Fighter began the quest for the Orb.
     0 | D:1      | Reached XP level 1. HP: 18/18 MP: 1/1
    51 | D:1      | Reached skill level 2 in Maces & Flails
    51 | D:1      | Reached XP level 2. HP: 17/25 MP: 2/2
   423 | D:1      | Reached skill level 4 in Armour
   518 | D:1      | Reached skill level 3 in Fighting
   560 | D:1      | Reached XP level 3. HP: 24/24 MP: 3/3
  1376 | D:2      | Found a glowing golden altar of the Shining One.
  1591 | D:2      | Reached skill level 4 in Shields
  1591 | D:2      | Reached XP level 4. HP: 28/37 MP: 4/4
  2631 | D:3      | Reached XP level 5. HP: 45/45 MP: 5/5
  2897 | D:4      | Reached skill level 3 in Maces & Flails
  2980 | D:4      | Noticed Natasha
  2989 | D:4      | Killed Natasha
  2990 | D:4      | Reached skill level 5 in Armour
  3073 | D:4      | Noticed Natasha
  3124 | D:4      | Noticed an ogre
  3133 | D:4      | Noticed a phantom
  3134 | D:4      | Killed an ogre
  3135 | D:4      | Reached skill level 4 in Fighting
  3135 | D:4      | Reached XP level 6. HP: 18/52 MP: 1/6
  3136 | D:4      | HP: 12/52 [phantom (6)]
  3148 | D:4      | Reached skill level 5 in Shields
  3329 | D:3      | HP: 10/52 [gnoll/+0 flail[a gnoll bouda] (5)]
  3331 | D:3      | HP: 3/52 [gnoll/+0 flail[a gnoll bouda] (7)]
  3598 | D:4      | Reached skill level 4 in Maces & Flails
  3706 | D:4      | Killed Natasha
  3707 | D:4      | Gained mutation: You regenerate magic and health when
                  | rolling toward enemies. (Rampage Regen) [Armataur growth]
  3707 | D:4      | Reached XP level 7. HP: 37/60 MP: 7/7
  3769 | D:4      | Noticed Natasha
  3774 | D:4      | Killed Natasha
  3954 | D:5      | Entered Level 5 of the Dungeon
  4047 | D:5      | Reached skill level 5 in Fighting
  4047 | D:5      | Reached skill level 5 in Maces & Flails
  4303 | D:5      | Reached skill level 6 in Maces & Flails
  4352 | D:5      | Reached XP level 8. HP: 64/68 MP: 6/8
  4423 | D:5      | HP: 9/68 [ogre/+0 giant spiked club (14)]
  4425 | D:5      | Reached skill level 7 in Maces & Flails
  4630 | D:5      | Found a staircase to the Ecumenical Temple.
  4638 | Temple   | Entered the Ecumenical Temple
  4647 | Temple   | Became a worshipper of Gozag Ym Sagoz the Greedy
  5210 | D:6      | Noticed Eustachio
  5231 | D:6      | Killed Eustachio
  5429 | D:6      | Reached skill level 8 in Maces & Flails
  5527 | D:6      | Found a runed translucent gate.
  5528 | D:6      | Found a runed translucent gate.
  5528 | D:6      | Noticed ezpacito's ghost (novice CoCK)
  5529 | D:6      | Found a runed translucent gate.
  5718 | D:6      | Noticed Pikel
  5920 | D:6      | Reached skill level 9 in Maces & Flails
  6142 | D:6      | Reached XP level 9. HP: 74/74 MP: 9/9
  6162 | D:6      | Found a burning altar of Makhleb.
  6162 | D:6      | Found a blossoming altar of Fedhas.
  6178 | D:6      | Found a faded altar of an unknown god.
  6181 | D:6      | Found an ancient bone altar of Kikubaaqudgha.
  6183 | D:6      | Found a snail-covered altar of Cheibriados.
  6348 | D:6      | Killed Pikel
  6349 | D:6      | Reached skill level 10 in Maces & Flails
  6691 | D:7      | Found Uryiniy's Book Shoppe.
  6917 | D:7      | Found an ornate altar of the Wu Jian Council.
  6922 | D:7      | Noticed Duvessa
  6931 | D:7      | Killed Duvessa
  6947 | D:7      | Noticed Dowan
  6957 | D:7      | Killed Dowan
  7648 | D:6      | Reached skill level 11 in Maces & Flails
  8123 | D:8      | Noticed an orange demon
  8124 | D:8      | Noticed Amaemon
  8342 | D:9      | Noticed a two-headed ogre
  8355 | D:9      | Noticed a two-headed ogre
  8413 | D:9      | Reached skill level 12 in Maces & Flails
  8413 | D:9      | Reached XP level 10. HP: 35/81 MP: 4/10
  8450 | D:9      | Killed a two-headed ogre
  8451 | D:9      | Reached skill level 6 in Armour
  8475 | D:9      | Reached skill level 6 in Fighting
  8518 | D:9      | Found Biteu's Distillery.
  8533 | D:9      | Bought a potion of ambrosia for 112 gold pieces
  8533 | D:9      | Bought a potion of lignification for 42 gold pieces
  8533 | D:9      | Bought a potion of attraction for 42 gold pieces
  8533 | D:9      | Bought a potion of heal wounds for 70 gold pieces
  8533 | D:9      | Bought a potion of heal wounds for 70 gold pieces
  8533 | D:9      | Bought a potion of might for 56 gold pieces
  8592 | D:9      | Killed Amaemon
  8593 | D:9      | Reached skill level 7 in Armour
  8819 | D:9      | Killed a two-headed ogre
  8820 | D:9      | Reached skill level 7 in Fighting
  8820 | D:9      | Reached skill level 8 in Armour
  9409 | D:8      | Found a glowing golden altar of the Shining One.
  9454 | D:8      | Found Hngetnac's Humungous Hoard.
  9462 | D:8      | Bought a potion of haste for 140 gold pieces
  9462 | D:8      | Bought a potion of heal wounds for 70 gold pieces
  9462 | D:8      | Bought a +1 hat for 154 gold pieces
  9527 | D:8      | Found a stormy altar of Qazlal.
  9564 | D:8      | Noticed Jeremiah
  9635 | D:10     | Entered Level 10 of the Dungeon
  9650 | D:10     | Reached skill level 9 in Armour
  9690 | D:10     | Reached XP level 11. HP: 94/94 MP: 11/11
  9727 | D:10     | Noticed Josephine
  9762 | D:10     | Killed Josephine
  9763 | D:10     | Reached skill level 8 in Fighting
  9948 | D:10     | Reached skill level 10 in Armour
 10080 | D:10     | Found Wyehyoci's Antique Weapon Boutique.
 10177 | D:10     | Found a basalt altar of Yredelemnul.
 10177 | D:10     | Found a hide-covered altar of Uskayaw.
 10197 | D:10     | Paralysed by a hornet for 1 turns
 10293 | D:10     | Reached skill level 9 in Fighting
 10609 | D:11     | Found a staircase to the Lair.
 10630 | D:11     | Reached skill level 1 in Evocations
 10654 | D:11     | Reached skill level 2 in Evocations
 10842 | D:11     | Reached skill level 3 in Evocations
 11010 | D:11     | Found a staircase to the Orcish Mines.
 11204 | D:11     | Reached skill level 10 in Fighting
 11266 | D:11     | Reached skill level 4 in Evocations
 11300 | D:11     | Noticed a two-headed ogre
 11314 | D:11     | Killed a two-headed ogre
 11315 | D:11     | Reached skill level 5 in Evocations
 11634 | D:11     | Gadrel: !ac 11
 11634 | D:11     | beem: 2.0 armour skill per 1 AC for 11 base AC
 11714 | Lair:1   | Entered Level 1 of the Lair of Beasts
 11987 | Lair:1   | Noticed a catoblepas
 12036 | Lair:1   | Killed a catoblepas
 12042 | Lair:1   | Reached XP level 12. HP: 84/107 MP: 12/12
 12233 | Lair:1   | Reached skill level 11 in Armour
 12333 | Lair:1   | Reached skill level 11 in Fighting
 12334 | Lair:1   | HP: 24/110 [yak (10)]
 13003 | Lair:1   | HP: 24/110 [swamp worm (14)]
 13005 | Lair:1   | HP: 8/110 [tyrant leech (12)]
 13309 | Lair:1   | Identified the amulet "Zyjatz" {rElec rC- rN+ RegenMP+
                  | Str+3}
 13311 | Lair:1   | Identified the staff "Veblin" {rElec Str+6 Air}
 13489 | Lair:2   | Noticed a death yak
 13489 | Lair:2   | Noticed a death yak
 13489 | Lair:2   | Noticed a death yak
 13503 | Lair:2   | Found a staircase to the Shoals.
 13516 | Lair:2   | Reached skill level 12 in Armour
 13627 | Lair:2   | Killed a death yak
 13640 | Lair:1   | Killed a death yak
 13701 | Lair:2   | Killed a death yak
 13885 | Lair:2   | Noticed a catoblepas
 13899 | Lair:2   | Killed a catoblepas
 13905 | Lair:2   | Reached skill level 12 in Fighting
 13905 | Lair:2   | Reached skill level 13 in Armour
 14019 | Lair:2   | Noticed a five-headed hydra
 14030 | Lair:2   | Killed a five-headed hydra
 14321 | Lair:2   | Found a staircase to the Snake Pit.
 14508 | Lair:3   | Noticed a seven-headed hydra
 14523 | Lair:3   | Killed a seven-headed hydra
 14524 | Lair:3   | Reached skill level 14 in Armour
 14603 | Lair:3   | Reached XP level 13. HP: 97/118 MP: 10/13
 15392 | Lair:3   | You fall into a shaft and drop 2 floors!
 15392 | Lair:5   | Entered Level 5 of the Lair of Beasts
 15444 | Lair:5   | Reached skill level 13 in Maces & Flails
 15995 | Lair:3   | Reached skill level 14 in Maces & Flails
 16132 | Lair:3   | Noticed Nessos
 16136 | Lair:3   | Nessos changed into Nessos the cyclops
 16136 | Lair:3   | Noticed Nessos
 16144 | Lair:3   | Killed Nessos the cyclops
 16154 | Lair:3   | Gadrel: !ac 15
 16154 | Lair:3   | beem: 1.47 armour skill per 1 AC for 15 base AC
 16508 | Lair:4   | Reached skill level 6 in Shields
 16727 | Lair:4   | Reached skill level 7 in Shields
 16961 | Lair:4   | Reached skill level 15 in Armour
 17091 | Lair:4   | Found a viscous altar of Jiyva.
 17093 | Lair:4   | Found a staircase to the Slime Pits.
 17847 | Lair:5   | Reached XP level 14. HP: 114/126 MP: 14/14
 17874 | Lair:5   | Reached skill level 8 in Shields
 18779 | Lair:5   | Noticed Sonja
 18780 | Lair:5   | Sonja changed into Sonja the black bear
 18780 | Lair:5   | Noticed Sonja
 18782 | Lair:5   | Killed Sonja the black bear
 18855 | Lair:5   | Reached skill level 9 in Shields
 19085 | Lair:5   | Reached skill level 16 in Armour
 19280 | Lair:5   | Found a corrupted altar of Lugonu.
 19280 | Lair:5   | Found a one-way gate to the infinite horrors of the Abyss.
 19290 | Lair:5   | Identified the amulet "Ybrut" {Faith *Corrode rElec Regen+
                  | Int+2}
 19695 | Orc:1    | Entered Level 1 of the Orcish Mines
 20003 | Orc:2    | Entered Level 2 of the Orcish Mines
 20005 | Orc:2    | Found Wuneidoth's Antique Weapon Emporium.
 20189 | Orc:2    | Found Qujil's General Store.
 20197 | Orc:2    | Bought a +2 cloak for 247 gold pieces
 20202 | Orc:2    | Bought a phantom mirror for 600 gold pieces
 20202 | Orc:2    | Bought a lightning rod (4/4) for 600 gold pieces
 20222 | Orc:2    | Noticed an orc warlord
 20230 | Orc:2    | Found a staircase to the Elven Halls.
 20230 | Orc:2    | Found Juroi's Antique Armour Shop.
 20247 | Orc:2    | Reached skill level 10 in Shields
 20250 | Orc:2    | Killed an orc warlord
 20251 | Orc:2    | Reached skill level 17 in Armour
 20274 | Orc:2    | Found Siuhiki's Jewellery Emporium.
 20275 | Orc:2    | Paralysed by an orc sorcerer for 3 turns
 20421 | Orc:2    | Reached skill level 15 in Maces & Flails
 20510 | Orc:2    | Bought a kite shield for 135 gold pieces
 20510 | Orc:2    | Bought a fading scale mail for 270 gold pieces
 20510 | Orc:2    | Identified the +0 scale mail "Wogu" {Rampage rC++ Int+3
                  | Stlth-} (You bought it in a shop on level 2 of the Orcish
                  | Mines)
 20975 | Orc:1    | Noticed an orc warlord
 20975 | Orc:1    | Found a bloodstained altar of Trog.
 20991 | Orc:1    | Killed an orc warlord
 21628 | Orc:1    | Reached skill level 6 in Evocations
 21869 | D:12     | Reached XP level 15. HP: 132/132 MP: 15/15
 22099 | D:12     | Identified a scroll of acquirement
 22100 | D:12     | Acquired the +3 barding of Light {rC+}
 22162 | D:12     | Noticed Lodul
 22187 | D:12     | Reached skill level 18 in Armour
 22208 | D:12     | Killed Lodul
 22300 | D:12     | Noticed Fannar
 22316 | D:12     | Killed Fannar
 22525 | D:12     | Acquired the ring "Nexir" {Fire Slay+5}
 22588 | D:12     | Reached skill level 11 in Shields
 22974 | D:13     | Noticed Rupert
 23039 | D:13     | Found Ofiuhomi's Armour Emporium.
 23078 | D:13     | Bought a +3 chain mail of willpower for 291 gold pieces
 23256 | D:13     | Found a gate to the Vaults.
 23303 | D:13     | Reached skill level 7 in Evocations
 23492 | D:13     | Killed Rupert
 23493 | D:13     | Reached skill level 19 in Armour
 24080 | D:14     | Reached skill level 8 in Evocations
 24099 | D:14     | Found a white marble altar of Elyvilon.
 24187 | D:14     | Reached skill level 12 in Shields
 24213 | D:14     | Identified the +0 ring mail "Ludd" {rPois SInv}
 24257 | D:14     | Found a glowing golden altar of the Shining One.
 24258 | D:14     | Found a glowing silver altar of Zin.
 24579 | D:14     | Reached XP level 16. HP: 139/139 MP: 16/16
 24618 | D:14     | Reached skill level 16 in Maces & Flails
 24757 | D:14     | Reached skill level 20 in Armour
 25084 | D:15     | Entered Level 15 of the Dungeon
 25349 | D:15     | Reached skill level 9 in Evocations
 25899 | D:15     | Reached skill level 13 in Shields
 26173 | D:15     | Found a staircase to the Depths.
 26760 | D:8      | Killed Jeremiah
 27017 | D:6      | Killed ezpacito's ghost
 27396 | Snake:1  | Entered Level 1 of the Snake Pit
 27515 | Snake:1  | Noticed Nikola
 27528 | Snake:1  | Killed Nikola
 27529 | Snake:1  | Reached skill level 21 in Armour
 28005 | Snake:1  | Noticed Azrael
 28022 | Snake:1  | Killed Azrael
 28273 | Snake:1  | Reached skill level 10 in Evocations
 28497 | Snake:1  | Found Duolemei's Book Emporium.
 28499 | Snake:1  | Found Daxuhain's Jewellery Boutique.
 28500 | Snake:1  | Found Tateoxzyli's Book Emporium.
 28512 | Snake:1  | Bought a ring of willpower for 350 gold pieces
 28780 | Snake:1  | Identified the serpent talisman of the Echidna {rF+ Int+3}
 28780 | Snake:1  | Noticed Aizul
 28805 | Snake:1  | Killed Aizul
 28926 | Snake:2  | Noticed Louise
 28946 | Snake:2  | Noticed Frances
 28950 | Snake:2  | Killed Louise
 28951 | Snake:2  | Reached skill level 13 in Fighting
 28960 | Snake:2  | Killed Frances
 29042 | Snake:2  | Reached skill level 22 in Armour
 29055 | Snake:2  | Reached skill level 14 in Shields
 29106 | Snake:2  | Reached XP level 17. HP: 149/149 MP: 17/17
 29404 | Snake:2  | Found a burning altar of Makhleb.
 30196 | Snake:3  | Reached skill level 1 in Throwing
 30244 | Snake:3  | Found Okurofel's Antique Weapon Emporium.
 30249 | Snake:3  | Found Juikosiqi's Book Emporium.
 30256 | Snake:3  | Bought a manual of Fighting for 1120 gold pieces
 30661 | Snake:4  | Entered Level 4 of the Snake Pit
 30725 | Snake:4  | Reached skill level 2 in Throwing
 30754 | Snake:4  | Reached skill level 14 in Fighting
 30798 | Snake:4  | Reached skill level 15 in Shields
 31205 | Snake:4  | Reached skill level 15 in Fighting
 31842 | Snake:4  | Reached skill level 16 in Shields
 31852 | Snake:4  | HP: 34/157 [salamander/+2 heavy trident (6)]
 31857 | Snake:4  | HP: 28/157 [poisoned by a guardian serpent (bolt of
                  | poison)]
 31875 | Snake:4  | HP: 36/157 [guardian serpent (10)]
 31881 | Snake:4  | HP: 25/157 [poisoned by a guardian serpent (bolt of
                  | poison)]
 31886 | Snake:4  | HP: 20/158 [poisoned by a guardian serpent (bolt of
                  | poison)]
 31891 | Snake:4  | HP: 21/158 [poisoned by a guardian serpent (bolt of
                  | poison)]
 32141 | Snake:4  | Reached skill level 16 in Fighting
 32366 | Snake:4  | Reached XP level 18. HP: 131/166 MP: 18/18
 32566 | Snake:4  | Got a serpentine rune of Zot
 32852 | Shoals:1 | Entered Level 1 of the Shoals
 32914 | Lair:1   | Bought a scroll of enchant weapon for 127 gold pieces
 32914 | Lair:1   | Bought a scroll of summoning for 161 gold pieces
 32918 | Lair:1   | Bought the +10 Black Knight's barding {ponderous, rPois
                  | rN+} for 1775 gold pieces
 32918 | Lair:1   | Found the +10 Black Knight's barding {ponderous, rPois rN+}
 32918 | Lair:1   | Bought a warped chain mail for 266 gold pieces
 32918 | Lair:1   | Identified the +5 chain mail of Kathenotheism {rPois} (You
                  | bought it in a shop on level 1 of the Lair of Beasts)
 32918 | Lair:1   | Bought a glimmering scale mail for 252 gold pieces
 32918 | Lair:1   | Identified the +2 scale mail "Jiapiser" {rN+} (You bought
                  | it in a shop on level 1 of the Lair of Beasts)
 33530 | Shoals:1 | Reached skill level 17 in Fighting
 33531 | Shoals:1 | Reached skill level 17 in Shields
 33727 | Shoals:2 | You fall into a shaft and drop 1 floor!
 33727 | Shoals:3 | Found a glacial archway.
 33755 | IceCv    | Entered an ice cave
 34392 | IceCv    | Noticed a shard shrike
 34411 | IceCv    | Killed a shard shrike
 34527 | IceCv    | Got the Grimoire of the Glacier
 34998 | Shoals:3 | Reached skill level 18 in Shields
 35237 | Shoals:3 | Found Egeex's Magic Scroll Shoppe.
 35281 | Shoals:3 | Bought a scroll of enchant weapon for 127 gold pieces
 35281 | Shoals:3 | Bought a scroll of enchant weapon for 127 gold pieces
 35405 | Shoals:2 | Reached skill level 18 in Fighting
 36031 | Shoals:4 | Entered Level 4 of the Shoals
 36368 | Shoals:4 | Reached XP level 19. HP: 154/179 MP: 10/19
 36708 | Shoals:4 | Got a barnacled rune of Zot
 36904 | Shoals:4 | Got Sif Muna's Anthology of Concussion and Profane Deeds
 37231 | Elf:1    | Entered Level 1 of the Elven Halls
 37355 | Elf:1    | You fall into a shaft and drop 1 floor!
 37463 | Elf:2    | Found Haithum's General Store.
 37561 | Elf:1    | Found a flickering gateway to a bazaar.
 37578 | Bazaar   | Entered a bazaar
 37580 | Bazaar   | Found Zexetics's Antique Weapon Boutique.
 37584 | Bazaar   | Found Cuadd's Assorted Antiques.
 37584 | Bazaar   | Found Ywiank's Magic Scroll Boutique.
 37585 | Bazaar   | Found Sir Maid's Weapon Boutique.
 37615 | Bazaar   | Bought a scroll of brand weapon for 123 gold pieces
 37615 | Bazaar   | Bought a scroll of acquirement for 676 gold pieces
 37615 | Bazaar   | Bought a scroll of enchant weapon for 97 gold pieces
 37635 | Bazaar   | Bought a scroll of immolation for 52 gold pieces
 37651 | Elf:1    | Acquired a manual of Fighting
 37911 | Elf:1    | Reached skill level 11 in Evocations
 38597 | Elf:2    | Reached skill level 19 in Shields
 38856 | Elf:2    | Found a runed translucent gate.
 38856 | Elf:2    | Found a runed translucent gate.
 38858 | Elf:2    | Found a runed translucent gate.
 39166 | Elf:2    | Reached skill level 19 in Fighting
 39476 | Elf:3    | Entered Level 3 of the Elven Halls
 39564 | Elf:3    | Paralysed by an air elemental for 1 turns
 39567 | Elf:3    | Reached skill level 23 in Armour
 39589 | Elf:3    | Identified the +7 mace of Owuropib {spect, rPois rF+ Dex+3}
 39750 | Elf:3    | Reached XP level 20. HP: 183/191 MP: 18/20
 39844 | Elf:3    | Paralysed by an air elemental for 1 turns
 39885 | Elf:3    | Reached skill level 17 in Maces & Flails
 39968 | Elf:3    | Reached skill level 12 in Evocations
 40145 | Elf:3    | Identified the amulet "Lonilex" {Reflect Regen+ Str+3 Int-2
                  | SH+5}
 40150 | Elf:3    | Identified the +5 glaive "Orb Guardian's Foe" {pain, rN+
                  | Int+3 Dex+3}
 40151 | Elf:3    | Identified the +3 robe of Insecurity {rElec rN+ Will+
                  | rCorr}
 40151 | Elf:3    | Noticed Boris
 40177 | Elf:3    | Killed Boris
 40234 | Elf:3    | Identified the +2 robe of Hadjma {Rampage rC++ Will-
                  | Archmagi}
 40239 | Elf:3    | Identified the +6 scale mail "Ucaeg" {rCorr}
 40329 | Elf:3    | Identified the +6 orcbow of Huesorun {elec, rPois rF+}
 40546 | Elf:3    | Found a roughly hewn altar of Beogh.
 40804 | Elf:3    | Noticed Mara
 40818 | Elf:3    | Killed Mara
 41024 | Elf:3    | Found Pyadidd's Magic Scroll Emporium.
 41795 | Vaults:1 | Entered Level 1 of the Vaults
 41881 | Vaults:1 | Found a magical portal.
 41894 | WizLab   | Entered Borgnjor's Mausoleum
 42006 | WizLab   | Reached skill level 20 in Fighting
 42142 | WizLab   | Reached skill level 20 in Shields
 42879 | Vaults:1 | Reached skill level 13 in Evocations
 42898 | Vaults:1 | Reached XP level 21. HP: 119/186 MP: 3/21
 44410 | Vaults:2 | Reached skill level 24 in Armour
 44981 | Vaults:2 | Reached skill level 18 in Maces & Flails
 45163 | Vaults:2 | Reached skill level 21 in Fighting
 45543 | Vaults:2 | Found Kadavelo's Antique Weapon Boutique.
 45929 | Vaults:2 | Found a staircase to the Crypt.
 46341 | Vaults:3 | Reached skill level 14 in Evocations
 46920 | Vaults:3 | Reached skill level 21 in Shields
 46937 | Vaults:3 | Reached XP level 22. HP: 213/213 MP: 4/22
 47321 | Vaults:3 | You fall into a shaft and drop 1 floor!
 47489 | Vaults:4 | Identified the +1 scale mail "Keg Vur" {rElec rC- Int+4
                  | Stlth+}
 48248 | Vaults:4 | Reached skill level 25 in Armour
 48289 | Vaults:4 | Noticed a golden dragon
 48296 | Vaults:4 | Killed a golden dragon
 48732 | Vaults:5 | Entered Level 5 of the Vaults
 48744 | Vaults:5 | Reached skill level 22 in Fighting
 48744 | Vaults:5 | Reached skill level 15 in Evocations
 48890 | Vaults:5 | Reached skill level 19 in Maces & Flails
 48950 | Vaults:5 | Identified the +7 whip of Integrity {flame, +Blink rF+
                  | Str+2 Int+3}
 48953 | Vaults:5 | Identified the +1 leather armour of Defence {rC+ Will-
                  | Int+4 Slay+4}
 49017 | Vaults:5 | Reached XP level 23. HP: 224/224 MP: 23/23
 49282 | Vaults:5 | Reached skill level 22 in Shields
 49582 | Vaults:5 | Got the Omnibus of Scalding Pollution
 49930 | Vaults:5 | Found Xajeiki's Assorted Antiques.
 49976 | Vaults:5 | Identified the +4 chain mail of Zamuazam {Regen+}
 49980 | Vaults:5 | Identified the +0 chain mail "Deurusuq" {Rampage rPois rN+
                  | Dex-4}
 49989 | Vaults:5 | Bought a distressingly furry chain mail for 342 gold pieces
 49989 | Vaults:5 | Identified the +8 chain mail of Weirdness {-Tele Rampage
                  | rElec Str+6} (You bought it in a shop on level 5 of the
                  | Vaults)
 50309 | Vaults:5 | Noticed an ancient lich
 50314 | Vaults:5 | Killed an ancient lich
 50317 | Vaults:5 | Noticed a dread lich
 50325 | Vaults:5 | Noticed an ancient lich
 50333 | Vaults:5 | Killed a dread lich
 50339 | Vaults:5 | Killed an ancient lich
 50405 | Vaults:5 | Identified the staff "Onephaus" {rElec rPois rF+ Earth}
 50415 | Vaults:5 | Identified the staff of the Arena {rN+ Dex+4 Necro}
 50416 | Vaults:5 | Identified the +1 leather armour of an ossuary {rElec rPois
                  | rCorr MP+9}
 50442 | Vaults:5 | Got a silver rune of Zot
 51350 | Crypt:1  | Entered Level 1 of the Crypt
 51747 | Crypt:1  | Found an ancient bone altar of Kikubaaqudgha.
 51832 | Crypt:1  | Reached skill level 23 in Fighting
 52033 | Crypt:1  | Reached skill level 16 in Evocations
 52357 | Crypt:2  | Found a runed translucent gate.
 52360 | Crypt:2  | Found a runed translucent gate.
 52361 | Crypt:2  | Found a runed translucent gate.
 52363 | Crypt:2  | Noticed Goociwk's ghost (adept GrFi)
 52472 | Crypt:2  | Identified the +9 broad axe of Darkness {venom, rF+ rC+
                  | Dex+2}
 53227 | Crypt:1  | HP: 52/224 [something (18)]
 53383 | Crypt:1  | Killed Goociwk's ghost
 53608 | Crypt:2  | Identified the +0 cloak of Shrieking Satisfaction {Will+
                  | Int+2}
 53642 | Crypt:3  | Entered Level 3 of the Crypt
 53692 | Crypt:3  | Reached skill level 26 in Armour
 54060 | Crypt:3  | Identified the ring of the Briny Deep {Fly rPois Str+6
                  | Int+2}
 54533 | Crypt:3  | Reached XP level 24. HP: 157/236 MP: 23/23
 54861 | Crypt:3  | Found a basalt altar of Yredelemnul.
 55330 | Crypt:3  | Found an ancient bone altar of Kikubaaqudgha.
 55332 | Crypt:3  | Found a basalt altar of Yredelemnul.
 55385 | Crypt:3  | Got the Vellum of Ectoplasm
 55420 | Crypt:3  | Identified the amulet of Dasusuc {rElec Regen+ RegenMP+
                  | Dex+3 Slay-4}
 55567 | Crypt:3  | Reached skill level 20 in Maces & Flails
 55647 | Crypt:3  | Found a staircase to the Tomb.
 56060 | Depths:1 | Entered Level 1 of the Depths
 56131 | Depths:1 | Reached skill level 23 in Shields
 56237 | Depths:1 | Found a gateway to Hell.
 56259 | Depths:1 | Reached skill level 24 in Fighting
 56581 | Depths:1 | Found Bitustam's Gadget Gallery.
 56704 | Depths:1 | Reached skill level 17 in Evocations
 57352 | Depths:2 | Found a broken altar of Ashenzari.
 57831 | Depths:2 | Found a one-way gateway to a ziggurat.
 58198 | Depths:2 | Found a one-way gate leading to the halls of Pandemonium.
 58551 | Depths:2 | Found a burning altar of Makhleb.
 58762 | Depths:3 | Noticed Jory
 58768 | Depths:3 | Killed Jory
 58837 | Depths:3 | Reached skill level 27 in Armour
 59044 | Depths:3 | Identified the +11 broad axe "Mexiumpo" {heavy, Will+
                  | Stlth+}
 59498 | Depths:2 | Reached XP level 25. HP: 219/247 MP: 17/23
 59978 | Depths:3 | Reached skill level 18 in Evocations
 60172 | Depths:3 | Noticed a juggernaut
 60172 | Depths:3 | Noticed a juggernaut
 60187 | Depths:3 | Killed a juggernaut
 60201 | Depths:3 | Killed a juggernaut
 60202 | Depths:3 | Reached skill level 24 in Shields
 60520 | Depths:4 | Entered Level 4 of the Depths
 60572 | Depths:4 | Noticed Mennas
 60649 | Depths:4 | Killed Mennas
 60654 | Depths:4 | Noticed Sojobo
 60664 | Depths:4 | Killed Sojobo
 60838 | Depths:4 | Found a basalt altar of Yredelemnul.
 60969 | Depths:4 | Reached skill level 25 in Fighting
 60995 | Depths:4 | Found a gate to the Realm of Zot.
 61419 | Zot:1    | Entered Level 1 of the Realm of Zot
 61440 | Zot:1    | Noticed Vv
 61558 | Zot:1    | Killed Vv
 61579 | Depths:4 | HP: 56/249 [storm dragon/bolt of lightning (26)]
 61585 | Depths:4 | HP: 37/249 [storm dragon/bolt of lightning (16)]
 62411 | Zot:1    | Reached skill level 19 in Evocations
 63224 | Zot:1    | HP: 44/249 [something/bolt of lightning[a black draconian
                  | knight] (48)]
 63785 | Zot:2    | Paralysed by a jorogumo for 3 turns
 63913 | Zot:2    | Identified the +2 robe of Impermeability {Rampage Int+2}
 64098 | Zot:2    | Reached skill level 25 in Shields
 64727 | Zot:2    | Reached XP level 26. HP: 204/259 MP: 21/23
 66039 | Zot:3    | Identified the +6 great sword of the Crawling Thing {pain,
                  | rC+}
 66948 | Zot:3    | Reached skill level 20 in Evocations
 67202 | Zot:4    | Reached skill level 1 in Dodging
 67889 | Zot:4    | Reached skill level 2 in Dodging
 68099 | Zot:4    | Reached skill level 26 in Fighting
 68246 | Zot:5    | Entered Level 5 of the Realm of Zot
 68736 | Zot:5    | Noticed an orb of fire
 68736 | Zot:5    | Noticed an ancient lich
 68739 | Zot:5    | Noticed a dread lich
 68745 | Zot:5    | Reached skill level 3 in Dodging
 68749 | Zot:5    | Noticed an ancient lich
 68749 | Zot:5    | Killed an ancient lich
 68754 | Zot:5    | Noticed an ancient lich
 68760 | Zot:5    | Noticed a dread lich
 68948 | Zot:5    | Noticed an ancient lich
 68953 | Zot:5    | Noticed a dread lich
 68968 | Zot:5    | Noticed an orb of fire
 69321 | Zot:5    | Got the Orb of Zot
 69580 | Depths:1 | Identified the +3 robe "Mawk" {-Tele Will+ rCorr}
 69580 | Depths:1 | Noticed Boris
 69588 | Depths:1 | Killed Boris
 69717 | D:12     | Noticed Loptus the pandemonium lord
 69717 | D:12     | Noticed an ancient lich
 69910 | D:5      | Identified the +3 robe of Vain {rC+}
 69910 | D:5      | Noticed Boris
 69919 | D:5      | Killed Boris
 69920 | D:5      | Reached skill level 4 in Dodging
 69980 | D:1      | Reached skill level 26 in Shields
 70000 | D:$      | Escaped with the Orb!

Illustrated notes

Levels and vault maps discovered:
D:1:      amcnicky_arrival_wind_blow, layout_basic, nrook_mini_vaults
D:2:      layout_basic, basic_altar
D:3:      layout_loops_ring, roderic_roman_lattice
D:4:      layout_gridville, uniq_natasha
D:5:      layout_basic, minmay_temple_entry_tees, grunt_ministairs_13,
          minivault_4
D:6:      layout_gridville, chequers_temple_overflow_minitemple,
          gammafunk_ghost_split, uniq_pikel, uniq_eustachio
D:7:      layout_loops_corners, general_overflow_altar, serial_shops,
          nicolae_shop_advertising_works [nicolae_subvault_shop_adworks],
          eino_small_chamber_without_monster, nicolae_fountain_basement,
          uniq_duvessa
D:8:      layout_loops_corners, lemuel_crystal_altar,
          nicolae_qazlal_style_of_elements, minmay_tree_intersection,
          nicolae_alphabet_shops, amcnicky_mini_pool_small, uniq_jeremiah,
          uniq_amaemon
D:9:      layout_long_grid, serial_shops, nicolae_shop_crystal,
          nicolae_fort_ynox
D:10:     layout_rooms, jmf_multi_god_temple, serial_shops,
          nicolae_shop_rolling_square, kennysheep_donut, uniq_josephine
D:11:     layout_grid_maze, david_lair_shrubbed, david_orc_2
D:12:     layout_basic, nicolae_doodle_vault, uniq_lodul, uniq_fannar
D:13:     layout_cross, erik_vaults_2, serial_shops, shop, uniq_rupert
D:14:     layout_roguey [special_room_bee], good_gods_temple_1, serial_rivers,
          chequers_serial_rivers_micro_a, chequers_serial_rivers_micro_d,
          chequers_serial_rivers_small_3, chequers_serial_rivers_marsh,
          chequers_serial_rivers_micro_a, chequers_serial_rivers_room_a
D:15:     kennysheep_seaside_town, layout_small_grid, minmay_misc_feat_rows
Temple:   nicolae_temple_bog_church
Lair:1:   layout_concentric_octagons, minmay_holes, worms_lemuel
Lair:2:   layout_big_grid, minmay_shoals_entry_centaurs, dummy_snake_entry
Lair:3:   layout_concentric_octagons, nicolae_lair_lil_pond,
          beast_lair_carwin_5, lemuel_fruit_tree, infiniplex_staircase_pool,
          serial_bayou_shore_b, uniq_nessos
Lair:4:   nzn_winding_woodlands_small [nzn_winding_woodlands_5x15_cabin,
          nzn_winding_woodlands_center_garden,
          nzn_winding_woodlands_5x15_crooked], layout_gridlike,
          dpeg_slime_entry_corner
Lair:5:   hellmonk_lair_end_abyssal_woods, layout_regular_city,
          grunt_megastairs_3, uniq_sonja
Shoals:1: layout_shoals
Shoals:2: layout_shoals, nicolae_shoals_aquamancer_cove
Shoals:3: layout_shoals, serial_shops, nicolae_shop_tiny_real_fake_doors,
          portal_ice_cave_entry_frozen_things, nicolae_shoals_drake_roost
Shoals:4: shoals_end_hellmonk_lost_city
Snake:1:  layout_rooms, nicolae_snake_salamander_fort, minmay_shop_grove,
          uniq_azrael, uniq_nikola, uniq_aizul
Snake:2:  layout_cave_shapes, basic_altar, grunt_megastairs_4, uniq_frances,
          uniq_louise
Snake:3:  layout_cave_shapes, grunt_megastairs_5, minmay_shop_star
Snake:4:  grunt_snake_rune_pools, layout_basic
Orc:1:    layout_diamond_mine, basic_altar, blackcustard_mines_bat_river
Orc:2:    grunt_orc_gardens, layout_diamond_mine, grunt_orc_garden,
          grunt_orc_garden, grunt_orc_garden, grunt_orc_garden
Elf:1:    nicolae_elf_arrival_fired_up, layout_geoelf_grid, serial_shops,
          statue_bzr, nicolae_elf_crossing_hall
Elf:2:    elven_hall_of_blades_hangedman_original
          [nicolae_blade_entry_diamond_columns], layout_geoelf_octagon,
          serial_shops, shop, drop_trap, nicolae_elf_big_sculpture_1
Elf:3:    minmay_elf_hall_circle, layout_geoelf_diagonals, special_room
          [special_room_orc], serial_shops, shop, drop_trap,
          nicolae_elf_variegated_diamond, uniq_mara, uniq_boris
Vaults:1: mu_enter_wizlab_6, nicolae_vaults_storage_room_glass,
          vaults_standard_mumra_x, nicolae_vaults_little_squares_2,
          vaults_room_ringed_pool, vaults_room_boxed, v_misc_32,
          nicolae_vaults_frosty_reception, nicolae_vaults_diffraction_hallways,
          nicolae_vaults_little_squares_5, layout_vaults_chaotic_city
Vaults:2: nicolae_vaults_tetromino_T_2, dpeg_vaults_monster_row,
          nicolae_vaults_three_branches, nicolae_vaults_shelves_hall,
          nicolae_vaults_puzzle_piece, v_rooms_1, v_misc_24,
          nicolae_vaults_sightless_eye, minmay_crypt_entry_simple_walls,
          nicolae_vaults_big_angled_halls, ontoclasm_vaults_claustrophobia,
          vaults_room_corners, vaults_dpeg_ring,
          nicolae_vaults_diagonal_hallway_6, layout_vaults_omnibox,
          serial_shops, nicolae_shop_overgrown_old_shop
Vaults:3: nicolae_vaults_network_s, hangedman_vaults_impose, vaults_mumra_lcd,
          v_misc_18, vaults_room_hallway, nicolae_vaults_tetromino_Z_1,
          nicolae_vaults_arrows, serial_ice_h, vaults_room_semicircle, v_misc_3,
          layout_vaults_omnicross
Vaults:4: nicolae_vaults_wrenched, grunt_vaults_trifunnel,
          nicolae_vaults_library_corner, hangedman_vaults_unwind,
          vaults_room_large_hall, nicolae_vaults_trapezoid_2,
          ontoclasm_vaults_shuriken, hangedman_vaults_maws,
          nicolae_vaults_house_2, nicolae_vaults_trapezoid_lopsided_3,
          nicolae_vaults_house_1, vaults_mumra_hexcomb, layout_vaults_maze_bifur
Vaults:5
Crypt:1:  layout_misc_corridors, nicolae_crypt_little_mausoleum
Crypt:2:  layout_gridlike, gammafunk_ghost_split
Crypt:3:  lightli_unholy_cathedral, layout_chaotic_city,
          nicolae_tomb_entry_rubble_hallway, nicolae_crypt_vampire_mansion
Depths:1: layout_gridlike, pf_coc_iceberg, serial_corexii_hall,
          corexii_hall_statues_l, corexii_hall_statues_x, dk_noncrumbling_2,
          nicolae_shop_gadgets
Depths:2: minmay_connected_triangles_in_corner, layout_gridlike,
          enter_ziggurat_b, lemuel_statue_altar, pan_entry, hell_entry,
          nicolae_ashenzari_skybound
Depths:3: kennysheep_four_of_diamonds, layout_small_grid, abyss_entry,
          chequers_serial_rivers_micro_e, hell_entry, uniq_jory
Depths:4: grunt_zot_entry_alcove, layout_cave_pools, yredelemnul_altar_generic,
          rand_demon_pan_entry_1, hell_entry, uniq_mennas, uniq_sojobo
Zot:1:    layout_onion_interference, uniq_vv
Zot:2:    cheibrodos_frozen_isle, layout_cathedral_of_symmetry
Zot:3:    layout_gridlike
Zot:4:    layout_concentric_octagons, regret_index_zotdec_misc_clamp
Zot:5:    layout_onion

Skill      XL: |  1  2  3  4  5  6  7  8  9 10 11 12 13 14 15 16 17 18 19 20 21 22 23 24 25 26 |
---------------+-------------------------------------------------------------------------------+-----
Maces & Flails | 2 3 4 6 9 12 14 15 16 17 18 19 20 | 20.0
Armour         | 4 5 9 10 14 15 17 19 22 23 24 25 26 27 | 27.0
Fighting       | 3 4 5 7 10 12 13 16 18 19 20 21 22 23 24 25 26 | 26.2
Shields        | 4 5 7 10 12 14 16 18 19 20 21 22 23 25 26 | 26.0
Evocations     | 5 6 8 10 11 13 14 15 16 17 19 20 | 20.5
Throwing       | 2 |  2.0
Dodging        | 4 |  4.0

Action                     |  1- 3 |  4- 6 |  7- 9 | 10-12 | 13-15 | 16-18 | 19-21 | 22-24 | 25-27 || total
---------------------------+-------+-------+-------+-------+-------+-------+-------+-------+-------++-------
  Melee: Flail             |    68 |       |       |       |       |       |       |       |       ||    68
         Tailslap          |    15 |    22 |    72 |   144 |   306 |   386 |   273 |   380 |   256 ||  1854
         Whip              |    58 |   217 |   444 |    56 |       |       |       |       |       ||   775
         Demon whip        |       |       |       |   692 |  1735 |   585 |       |       |    16 ||  3028
         Eveningstar       |       |       |       |       |       |  1258 |  1370 |  1565 |   979 ||  5172
  Throw: Stone             |     2 |       |       |       |       |       |       |       |       ||     2
         Throwing net      |       |     1 |       |     1 |       |       |       |       |       ||     2
         Dart              |       |       |       |       |     2 |       |       |       |       ||     2
         Boomerang         |       |       |       |       |       |       |     5 |       |       ||     5
 Invoke: Call Merchant     |       |       |       |       |       |     2 |       |       |       ||     2
         Bribe Branch      |       |       |       |       |       |       |       |       |     6 ||     6
  Evoke: Wand              |       |       |       |       |     2 |       |       |       |     2 ||     4
         Lightning rod     |       |       |       |       |     7 |       |     3 |       |       ||    10
         Phantom mirror    |       |       |       |       |     1 |       |       |       |       ||     1
         Condenser vane    |       |       |       |       |       |     3 |     1 |       |     2 ||     6
         Gell's gravitambo |       |       |       |       |       |     1 |     2 |       |     1 ||     4
    Use: Scroll            |     5 |     2 |     6 |     4 |    18 |     8 |    13 |     6 |    17 ||    79
         Potion            |       |     1 |     1 |     3 |     4 |     4 |       |     2 |     9 ||    24
   Stab: Distracted        |     1 |       |       |       |     9 |    12 |     7 |    10 |     6 ||    45
         Petrified         |       |       |       |    20 |       |       |       |       |       ||    20
         Petrifying        |       |       |       |     1 |       |       |       |       |       ||     1
 Armour: Scale mail        |    34 |       |       |       |   242 |   108 |       |   527 |   760 ||  1671
         Chain mail        |    50 |   165 |   359 |   167 |   202 |   373 |       |     1 |       ||  1317
         Plate armour      |       |       |       |   210 |   585 |   174 |   759 |   300 |       ||  2028
         Ring mail         |       |       |       |       |       |   587 |       |       |       ||   587
  Dodge: Dodged            |    24 |    49 |    86 |   200 |   382 |   196 |    78 |   120 |   106 ||  1241
  Block: Buckler           |    24 |    47 |    82 |    89 |   146 |       |       |       |       ||   388
         Kite shield       |       |       |       |       |   316 |   203 |       |       |       ||   519
         Tower shield      |       |       |       |       |       |  1179 |  1305 |  1426 |  1073 ||  4983
         Reflection        |       |       |       |       |       |    52 |    94 |    33 |    19 ||   198

Table legend: (Time is in decaauts)
 A = Elapsed time spent in this place.
 B = Non-inter-level travel time spent in this place.
 C = Inter-level travel time spent in this place.
 D = Time resting spent in this place.
 E = Time spent auto-exploring this place.
 F = Levels seen in this place.
 G = Mean time per level.
                   A        B        C        D        E       F      G
               +--------+--------+--------+--------+--------+-----+--------+
         Total |  69485 |  62416 |   7069 |   3527 |  44172 |  54 | 1286.8 |
       Dungeon |  17804 |  15075 |   2729 |    623 |  11092 |  15 | 1186.9 |
        Temple |     18 |      1 |     17 |      0 |      0 |   1 |   18.0 |
          Lair |   7904 |   7084 |    820 |    357 |   5317 |   5 | 1580.8 |
        Shoals |   3198 |   2955 |    243 |      6 |   2087 |   4 |  799.5 |
     Snake Pit |   5098 |   4510 |    588 |    255 |   2647 |   4 | 1274.5 |
  Orcish Mines |   2213 |   1544 |    669 |     79 |    849 |   2 | 1106.5 |
   Elven Halls |   4304 |   3787 |    517 |     35 |   2519 |   3 | 1434.7 |
        Vaults |   8433 |   7820 |    613 |      0 |   6063 |   5 | 1686.6 |
         Crypt |   4592 |   4371 |    221 |    529 |   2976 |   3 | 1530.7 |
        Depths |   6499 |   6284 |    215 |   1136 |   4100 |   4 | 1624.8 |
           Zot |   7400 |   6968 |    432 |    506 |   5307 |   5 | 1480.0 |
        Bazaar |     74 |     74 |      0 |      0 |      0 |   1 |   74.0 |
      Ice Cave |    995 |    995 |      0 |      0 |    574 |   1 |  995.0 |
        Wizlab |    947 |    947 |      0 |      0 |    636 |   1 |  947.0 |
               +--------+--------+--------+--------+--------+-----+--------+

Top non-repeatable levels by time:
  Lair:1: 2087 daAuts
 Snake:4: 2012 daAuts
Vaults:2: 1939 daAuts
Vaults:5: 1922 daAuts
 Crypt:3: 1912 daAuts
   Elf:3: 1885 daAuts
  Lair:5: 1821 daAuts
   Zot:2: 1821 daAuts
Depths:4: 1818 daAuts
Depths:3: 1799 daAuts
Vaults:1: 1729 daAuts
Vaults:3: 1687 daAuts
     D:6: 1654 daAuts
    D:11: 1649 daAuts
   Zot:3: 1611 daAuts

Levels and vault maps discovered:
D:1:      amcnicky_arrival_wind_blow, layout_basic, nrook_mini_vaults
D:2:      layout_basic, basic_altar
D:3:      layout_loops_ring, roderic_roman_lattice
D:4:      layout_gridville, uniq_natasha
D:5:      layout_basic, minmay_temple_entry_tees, grunt_ministairs_13,
          minivault_4
D:6:      layout_gridville, chequers_temple_overflow_minitemple,
          gammafunk_ghost_split, uniq_pikel, uniq_eustachio
D:7:      layout_loops_corners, general_overflow_altar, serial_shops,
          nicolae_shop_advertising_works [nicolae_subvault_shop_adworks],
          eino_small_chamber_without_monster, nicolae_fountain_basement,
          uniq_duvessa
D:8:      layout_loops_corners, lemuel_crystal_altar,
          nicolae_qazlal_style_of_elements, minmay_tree_intersection,
          nicolae_alphabet_shops, amcnicky_mini_pool_small, uniq_jeremiah,
          uniq_amaemon
D:9:      layout_long_grid, serial_shops, nicolae_shop_crystal,
          nicolae_fort_ynox
D:10:     layout_rooms, jmf_multi_god_temple, serial_shops,
          nicolae_shop_rolling_square, kennysheep_donut, uniq_josephine
D:11:     layout_grid_maze, david_lair_shrubbed, david_orc_2
D:12:     layout_basic, nicolae_doodle_vault, uniq_lodul, uniq_fannar
D:13:     layout_cross, erik_vaults_2, serial_shops, shop, uniq_rupert
D:14:     layout_roguey [special_room_bee], good_gods_temple_1, serial_rivers,
          chequers_serial_rivers_micro_a, chequers_serial_rivers_micro_d,
          chequers_serial_rivers_small_3, chequers_serial_rivers_marsh,
          chequers_serial_rivers_micro_a, chequers_serial_rivers_room_a
D:15:     kennysheep_seaside_town, layout_small_grid, minmay_misc_feat_rows
Temple:   nicolae_temple_bog_church
Lair:1:   layout_concentric_octagons, minmay_holes, worms_lemuel
Lair:2:   layout_big_grid, minmay_shoals_entry_centaurs, dummy_snake_entry
Lair:3:   layout_concentric_octagons, nicolae_lair_lil_pond,
          beast_lair_carwin_5, lemuel_fruit_tree, infiniplex_staircase_pool,
          serial_bayou_shore_b, uniq_nessos
Lair:4:   nzn_winding_woodlands_small [nzn_winding_woodlands_5x15_cabin,
          nzn_winding_woodlands_center_garden,
          nzn_winding_woodlands_5x15_crooked], layout_gridlike,
          dpeg_slime_entry_corner
Lair:5:   hellmonk_lair_end_abyssal_woods, layout_regular_city,
          grunt_megastairs_3, uniq_sonja
Shoals:1: layout_shoals
Shoals:2: layout_shoals, nicolae_shoals_aquamancer_cove
Shoals:3: layout_shoals, serial_shops, nicolae_shop_tiny_real_fake_doors,
          portal_ice_cave_entry_frozen_things, nicolae_shoals_drake_roost
Shoals:4: shoals_end_hellmonk_lost_city
Snake:1:  layout_rooms, nicolae_snake_salamander_fort, minmay_shop_grove,
          uniq_azrael, uniq_nikola, uniq_aizul
Snake:2:  layout_cave_shapes, basic_altar, grunt_megastairs_4, uniq_frances,
          uniq_louise
Snake:3:  layout_cave_shapes, grunt_megastairs_5, minmay_shop_star
Snake:4:  grunt_snake_rune_pools, layout_basic
Orc:1:    layout_diamond_mine, basic_altar, blackcustard_mines_bat_river
Orc:2:    grunt_orc_gardens, layout_diamond_mine, grunt_orc_garden,
          grunt_orc_garden, grunt_orc_garden, grunt_orc_garden
Elf:1:    nicolae_elf_arrival_fired_up, layout_geoelf_grid, serial_shops,
          statue_bzr, nicolae_elf_crossing_hall
Elf:2:    elven_hall_of_blades_hangedman_original
          [nicolae_blade_entry_diamond_columns], layout_geoelf_octagon,
          serial_shops, shop, drop_trap, nicolae_elf_big_sculpture_1
Elf:3:    minmay_elf_hall_circle, layout_geoelf_diagonals, special_room
          [special_room_orc], serial_shops, shop, drop_trap,
          nicolae_elf_variegated_diamond, uniq_mara, uniq_boris
Vaults:1: mu_enter_wizlab_6, nicolae_vaults_storage_room_glass,
          vaults_standard_mumra_x, nicolae_vaults_little_squares_2,
          vaults_room_ringed_pool, vaults_room_boxed, v_misc_32,
          nicolae_vaults_frosty_reception, nicolae_vaults_diffraction_hallways,
          nicolae_vaults_little_squares_5, layout_vaults_chaotic_city
Vaults:2: nicolae_vaults_tetromino_T_2, dpeg_vaults_monster_row,
          nicolae_vaults_three_branches, nicolae_vaults_shelves_hall,
          nicolae_vaults_puzzle_piece, v_rooms_1, v_misc_24,
          nicolae_vaults_sightless_eye, minmay_crypt_entry_simple_walls,
          nicolae_vaults_big_angled_halls, ontoclasm_vaults_claustrophobia,
          vaults_room_corners, vaults_dpeg_ring,
          nicolae_vaults_diagonal_hallway_6, layout_vaults_omnibox,
          serial_shops, nicolae_shop_overgrown_old_shop
Vaults:3: nicolae_vaults_network_s, hangedman_vaults_impose, vaults_mumra_lcd,
          v_misc_18, vaults_room_hallway, nicolae_vaults_tetromino_Z_1,
          nicolae_vaults_arrows, serial_ice_h, vaults_room_semicircle, v_misc_3,
          layout_vaults_omnicross
Vaults:4: nicolae_vaults_wrenched, grunt_vaults_trifunnel,
          nicolae_vaults_library_corner, hangedman_vaults_unwind,
          vaults_room_large_hall, nicolae_vaults_trapezoid_2,
          ontoclasm_vaults_shuriken, hangedman_vaults_maws,
          nicolae_vaults_house_2, nicolae_vaults_trapezoid_lopsided_3,
          nicolae_vaults_house_1, vaults_mumra_hexcomb, layout_vaults_maze_bifur
Vaults:5
Crypt:1:  layout_misc_corridors, nicolae_crypt_little_mausoleum
Crypt:2:  layout_gridlike, gammafunk_ghost_split
Crypt:3:  lightli_unholy_cathedral, layout_chaotic_city,
          nicolae_tomb_entry_rubble_hallway, nicolae_crypt_vampire_mansion
Depths:1: layout_gridlike, pf_coc_iceberg, serial_corexii_hall,
          corexii_hall_statues_l, corexii_hall_statues_x, dk_noncrumbling_2,
          nicolae_shop_gadgets
Depths:2: minmay_connected_triangles_in_corner, layout_gridlike,
          enter_ziggurat_b, lemuel_statue_altar, pan_entry, hell_entry,
          nicolae_ashenzari_skybound
Depths:3: kennysheep_four_of_diamonds, layout_small_grid, abyss_entry,
          chequers_serial_rivers_micro_e, hell_entry, uniq_jory
Depths:4: grunt_zot_entry_alcove, layout_cave_pools, yredelemnul_altar_generic,
          rand_demon_pan_entry_1, hell_entry, uniq_mennas, uniq_sojobo
Zot:1:    layout_onion_interference, uniq_vv
Zot:2:    cheibrodos_frozen_isle, layout_cathedral_of_symmetry
Zot:3:    layout_gridlike
Zot:4:    layout_concentric_octagons, regret_index_zotdec_misc_clamp
Zot:5:    layout_onion

Table legend: (Time is in decaauts)
 A = Elapsed time spent in this place.
 B = Non-inter-level travel time spent in this place.
 C = Inter-level travel time spent in this place.
 D = Time resting spent in this place.
 E = Time spent auto-exploring this place.
 F = Levels seen in this place.
 G = Mean time per level.
                   A        B        C        D        E       F      G
               +--------+--------+--------+--------+--------+-----+--------+
         Total |  69485 |  62416 |   7069 |   3527 |  44172 |  54 | 1286.8 |
       Dungeon |  17804 |  15075 |   2729 |    623 |  11092 |  15 | 1186.9 |
        Temple |     18 |      1 |     17 |      0 |      0 |   1 |   18.0 |
          Lair |   7904 |   7084 |    820 |    357 |   5317 |   5 | 1580.8 |
        Shoals |   3198 |   2955 |    243 |      6 |   2087 |   4 |  799.5 |
     Snake Pit |   5098 |   4510 |    588 |    255 |   2647 |   4 | 1274.5 |
  Orcish Mines |   2213 |   1544 |    669 |     79 |    849 |   2 | 1106.5 |
   Elven Halls |   4304 |   3787 |    517 |     35 |   2519 |   3 | 1434.7 |
        Vaults |   8433 |   7820 |    613 |      0 |   6063 |   5 | 1686.6 |
         Crypt |   4592 |   4371 |    221 |    529 |   2976 |   3 | 1530.7 |
        Depths |   6499 |   6284 |    215 |   1136 |   4100 |   4 | 1624.8 |
           Zot |   7400 |   6968 |    432 |    506 |   5307 |   5 | 1480.0 |
        Bazaar |     74 |     74 |      0 |      0 |      0 |   1 |   74.0 |
      Ice Cave |    995 |    995 |      0 |      0 |    574 |   1 |  995.0 |
        Wizlab |    947 |    947 |      0 |      0 |    636 |   1 |  947.0 |
               +--------+--------+--------+--------+--------+-----+--------+

Top non-repeatable levels by time:
  Lair:1: 2087 daAuts
 Snake:4: 2012 daAuts
Vaults:2: 1939 daAuts
Vaults:5: 1922 daAuts
 Crypt:3: 1912 daAuts
   Elf:3: 1885 daAuts
  Lair:5: 1821 daAuts
   Zot:2: 1821 daAuts
Depths:4: 1818 daAuts
Depths:3: 1799 daAuts
Vaults:1: 1729 daAuts
Vaults:3: 1687 daAuts
     D:6: 1654 daAuts
    D:11: 1649 daAuts
   Zot:3: 1611 daAuts

Table legend:
 A = Kills in this place as a percentage of kills in the entire game.
 B = Kills by you in this place as a percentage of kills by you in the entire game.
 C = Kills by friends in this place as a percentage of kills by friends in the entire game.
 D = Other kills in this place as a percentage of other kills in the entire game.
 E = Experience gained in this place as a percentage of experience gained in the entire game.
 F = Experience gained in this place divided by the number of levels of this place that you have seen.
                   A       B       C       D       E      F
               +-------+-------+-------+-------+-------+----------------------
         Total | 100.0 | 100.0 | 100.0 | 100.0 | 100.0 | 26983.7
       Dungeon |  18.3 |  18.6 |   0.0 |   0.0 |   7.0 | 6828.2
          Lair |   9.2 |   9.4 |   0.0 |   0.0 |   4.3 | 12571.6
        Shoals |   5.6 |   5.7 |   0.0 |   0.0 |   5.0 | 18214.8
     Snake Pit |   9.5 |   9.6 |   0.0 |   0.0 |   8.1 | 29514.8
  Orcish Mines |   5.2 |   5.2 |   0.0 |   0.0 |   1.4 | 10057.5
   Elven Halls |   8.6 |   8.6 |   0.0 |  40.0 |   9.7 | 47165.7
        Vaults |  16.4 |  16.6 |   0.0 |   0.0 |  22.8 | 66412.4
         Crypt |   7.3 |   7.4 |   0.0 |   0.0 |   9.4 | 45503.7
        Depths |   8.5 |   8.5 |   0.0 |  10.0 |  13.8 | 50353.8
           Zot |   7.3 |   6.3 | 100.0 |  50.0 |  14.3 | 41743.4
      Ice Cave |   2.1 |   2.2 |   0.0 |   0.0 |   1.7 | 24561.0
        Wizlab |   2.0 |   2.0 |   0.0 |   0.0 |   2.5 | 36041.0
               +-------+-------+-------+-------+-------+----------------------
